[Event "Polish Youth 1st League 2022"]
[Site "Lublin"]
[Date "2022.06.26"]
[Round "2.25"]
[White "Suder, Jakub"]
[Black "Kania, Dominik"]
[Result "1/2-1/2"]
[ECO "A21"]
[WhiteElo "2306"]
[BlackElo "1872"]
[Annotator "TA"]
[PlyCount "76"]
[EventDate "2022.06.24"]
[EventType "team-tourn"]
[EventCountry "POL"]
[SourceTitle "playchess.com"]
[Source "ChessBase"]
[SourceQuality "1"]
[TimeControl "40/5400+30:1800+30"]

1. c4 d6 2. Nc3 e5 3. Nf3 f5 4. g3 Nf6 5. d4 e4 6. Nh4 {[%emt 0:02:48] A21: English Opening: 1...e5 2 Nc3.} c6 7. Bg5 Na6 8. Bh3 {[%emt 0:02:50] The position is equal.} g6 9. O-O Bg7 10. f3 exf3 (10... h6 $2 11. Bc1 (11. Nxg6 hxg5 12. Nxh8 Bxh8 $16) 11... f4 12. Bxc8 Qxc8 13. Nxg6 fxg3 14. hxg3 $16 (14. Nxh8 $2 Qh3 $19) (14. Nxe4 Nxe4 15. Qd3 Qh3 $17)) 11. exf3 O-O 12. Qd2 Nc7 13. Rad1 {[%emt 0:04:30] [#]} Re8 $146 ({Predecessor:} 13... Be6 14. b3 Qd7 15. Rfe1 Rae8 16. Ng2 Nh5 17. Re2 b5 18. Qd3 bxc4 19. bxc4 Qf7 {1-0 (39) Kirov,N (2470)-Berry,S (2320) Cappelle la Grande 1994}) 14. Bh6 b5 15. cxb5 cxb5 16. Rfe1 b4 17. Rxe8+ (17. Ne2 $15) 17... Qxe8 $19 18. Nb1 Bxh6 19. Qxh6 {[%emt 0:00:08] [#]} f4 $1 20. Bg2 $2 (20. Bf1 $17 Qe3+ 21. Kh1) 20... Qe3+ ({But not} 20... Qe2 $2 21. Rf1 Ncd5 22. Nxg6 Qe3+ 23. Rf2 $19) 21. Kh1 Ncd5 {[%emt 0:05:34] ...Ba6 is the strong threat.} 22. Qg5 Ba6 (22... Be6 $142 {Hoping for ...Rc8.} 23. Bf1 Rc8) 23. Nf5 Qe2 24. Rg1 Bd3 $40 {[%emt 0:02:59][%mdl 128] Black is out for blood.} ({Black should play} 24... Qxb2 $19 {aiming for ...Rc8.} 25. Ne7+ Nxe7 26. Qxf6 Nf5) 25. Nxd6 $17 Qxb2 26. Qe5 $2 Bxb1 $19 27. gxf4 Bd3 28. f5 Qe2 29. Ne4 $2 (29. f4 {was called for.} Qxe5 30. fxe5) 29... Bxe4 30. Qe6+ (30. fxe4 $142 Re8 31. Qd6) 30... Kg7 {[%emt 0:00:22] Strongly threatening ...Re8.} 31. fxg6 Bxf3 32. Qf7+ Kh6 33. gxh7 Bxg2+ 34. Rxg2 {[%emt 0:00:02] [#]} Qf1+ $2 (34... Qe1+ $1 {mates} 35. Rg1 Qe4+ 36. Rg2 Ng4 37. Qf1 Nf4 38. Qg1 Nh3 39. h8=Q+ Rxh8 40. Qc1+ Ne3 41. Qxe3+ Qxe3 42. Rg4 Qf3+ 43. Rg2 Qf1+ 44. Rg1 Qxg1#) 35. Rg1 Qf3+ 36. Rg2 Qf1+ (36... Ne3 $2 37. Qg6#) 37. Rg1 {[%emt 0:00:01][%csl Gg1][%cal Rf7g6] The board is on fire.} Qf3+ 38. Rg2 Qf1+ $2 {[%emt 0:00:59] Weighted Error Value: White=0.75/Black=0.46} (38... Ne3 $2 39. Qg6#) (38... Qd1+ $17 39. Rg1 Qf3+) 1/2-1/2

[Event "Polish Youth 1st League 2022"]
[Site "Lublin"]
[Date "2022.06.26"]
[Round "2.26"]
[White "Lysakowski, Kamil"]
[Black "Dziewonski, Dariusz"]
[Result "0-1"]
[ECO "B22"]
[WhiteElo "1859"]
[BlackElo "1976"]
[Annotator "NA RC"]
[PlyCount "92"]
[EventDate "2022.06.24"]
[EventType "team-tourn"]
[EventCountry "POL"]
[SourceTitle "playchess.com"]
[Source "ChessBase"]
[SourceQuality "1"]
[TimeControl "40/5400+30:1800+30"]

1. e4 c5 2. c3 Nf6 3. e5 Nd5 4. d4 cxd4 5. cxd4 e6 6. Nf3 d6 7. Bc4 Nb6 8. Bb3 dxe5 9. dxe5 Qxd1+ 10. Bxd1 Bd7 11. Nc3 Bc6 12. O-O Bc5 13. Re1 O-O 14. Ne4 Bxe4 15. Rxe4 Nc6 16. Be3 Bxe3 17. Rxe3 Rfd8 18. Bb3 h6 19. Kf1 Rd7 20. Rc1 Rad8 21. a3 Kf8 22. g3 Ke7 23. Rec3 g5 24. h3 Nd4 25. Nxd4 Rxd4 26. Rc7+ R8d7 27. Rxd7+ Kxd7 28. Ke2 Re4+ 29. Kf3 Rxe5 30. Kg4 Rf5 31. Rc2 Rf6 32. Rd2+ Ke7 33. Rc2 Kd6 34. Kh5 Nd5 35. Bxd5 exd5 36. Rc8 d4 37. Rb8 b6 38. Ra8 a5 39. f4 gxf4 40. gxf4 Kd5 41. Kg4 Ke4 42. Re8+ Re6 43. Rf8 Rg6+ 44. Kh5 Rf6 45. Re8+ Re6 46. Rf8 f5 0-1

[Event "Polish Youth 1st League 2022"]
[Site "Lublin"]
[Date "2022.06.26"]
[Round "2.27"]
[White "Maj, Samuel"]
[Black "Musial, Igor"]
[Result "1-0"]
[ECO "D85"]
[WhiteElo "1906"]
[BlackElo "1699"]
[Annotator "NA RC"]
[PlyCount "35"]
[EventDate "2022.06.24"]
[EventType "team-tourn"]
[EventCountry "POL"]
[SourceTitle "playchess.com"]
[Source "ChessBase"]
[SourceQuality "1"]
[TimeControl "40/5400+30:1800+30"]

1. d4 Nf6 2. c4 g6 3. Nc3 d5 4. cxd5 Nxd5 5. Bd2 Bg7 6. e4 Nxc3 7. Bxc3 O-O 8. Qd2 c5 9. d5 Qd6 10. f4 e6 11. Bc4 Bxc3 12. bxc3 exd5 13. Bxd5 Kg7 14. Nf3 Nc6 15. O-O c4 16. f5 f6 17. Nd4 Ne5 18. Bxb7 1-0

[Event "Polish Youth 1st League 2022"]
[Site "Lublin"]
[Date "2022.06.26"]
[Round "2.28"]
[White "Rozek, Michal"]
[Black "Jamrozik, Maciej"]
[Result "1-0"]
[ECO "B07"]
[WhiteElo "1533"]
[BlackElo "1251"]
[Annotator "NA RC"]
[PlyCount "89"]
[EventDate "2022.06.24"]
[EventType "team-tourn"]
[EventCountry "POL"]
[SourceTitle "playchess.com"]
[Source "ChessBase"]
[SourceQuality "1"]
[TimeControl "40/5400+30:1800+30"]

1. e4 d6 2. d4 Nf6 3. Nc3 e5 4. dxe5 dxe5 5. Qxd8+ Kxd8 6. Bc4 Ke8 7. f3 c6 8. Be3 Nbd7 9. Nh3 h6 10. Nf2 b5 11. Bb3 a5 12. a3 Bc5 13. Bd2 Bxf2+ 14. Kxf2 Nc5 15. Ba2 Be6 16. Rhd1 Ke7 17. Ne2 Bxa2 18. Rxa2 Ne6 19. c4 Rhb8 20. Rc1 Nc5 21. Rc2 bxc4 22. Rxc4 Nd3+ 23. Ke3 Nxb2 24. Rxc6 Rb3+ 25. Kf2 Nd3+ 26. Kf1 Rb1+ 27. Nc1 Rab8 28. Ke2 Nf4+ 29. Bxf4 exf4 30. Nd3 Rh1 31. h3 g5 32. Rc5 Ra8 33. Rb2 Ra1 34. Rb7+ Ke8 35. Rcc7 Rxa3 36. Re7+ Kd8 37. Rxf7 Ne8 38. Rbd7+ Kc8 39. Rde7 Kd8 40. Nc5 Ra2+ 41. Kd3 Ra3+ 42. Kd4 Nd6 43. Ne6+ Kc8 44. Rf8+ Ne8 45. Rfxe8# 1-0

[Event "Polish Youth 1st League 2022"]
[Site "Lublin"]
[Date "2022.06.26"]
[Round "2.29"]
[White "Uliasz, Katarzyna"]
[Black "Mroz, Lena"]
[Result "1-0"]
[ECO "A08"]
[WhiteElo "1526"]
[BlackElo "1719"]
[Annotator "NA RC"]
[PlyCount "125"]
[EventDate "2022.06.24"]
[EventType "team-tourn"]
[EventCountry "POL"]
[SourceTitle "playchess.com"]
[Source "ChessBase"]
[SourceQuality "1"]
[TimeControl "40/5400+30:1800+30"]

1. e4 c5 2. Nf3 e6 3. d3 Nc6 4. g3 Nf6 5. Bg2 d5 6. Nbd2 Be7 7. O-O O-O 8. Re1 Qc7 9. c3 Rd8 10. Qe2 b5 11. e5 Nd7 12. h4 a5 13. Nf1 Ba6 14. N1h2 a4 15. a3 Rac8 16. Bf4 Nb6 17. Bh3 h6 18. g4 Kf8 19. g5 Ke8 20. gxh6 gxh6 21. Bxh6 Kd7 22. Ng4 Qb8 23. Nf6+ Kc7 24. Ng5 Bxf6 25. exf6 Rd7 26. Nf3 Kb7 27. Ne5 Nxe5 28. Qxe5 Qxe5 29. Rxe5 Rdd8 30. Bg7 d4 31. Bg2+ Ka7 32. Be4 Bb7 33. cxd4 Rxd4 34. Bxb7 Kxb7 35. h5 Rd5 36. Rae1 Rxe5 37. Rxe5 Nd7 38. Rg5 Rg8 39. h6 Nf8 40. Rxc5 Nh7 41. Rxb5+ Kc6 42. Rb4 Ra8 43. Kf1 Kc7 44. Ke2 Ra5 45. f4 Ra8 46. Ke3 Ra7 47. Kd4 Ra5 48. Kc3 Ra7 49. Rb5 Ra8 50. Kc4 Kc6 51. Rb4 Kc7 52. Kb5 Kd6 53. Rxa4 Rb8+ 54. Kc4 Rxb2 55. Ra8 Rf2 56. Rh8 Rxf4+ 57. Kb5 Ng5 58. h7 Kc7 59. Rc8+ Kxc8 60. h8=Q+ Kd7 61. Qa8 e5 62. Qc6+ Kd8 63. Bf8 1-0

[Event "Polish Youth 1st League 2022"]
[Site "Lublin"]
[Date "2022.06.26"]
[Round "2.30"]
[White "Lajdamik, Kinga"]
[Black "Tokarz, Gabriela"]
[Result "0-1"]
[ECO "B53"]
[WhiteElo "1308"]
[BlackElo "1469"]
[Annotator "NA RC"]
[PlyCount "98"]
[EventDate "2022.06.24"]
[EventType "team-tourn"]
[EventCountry "POL"]
[SourceTitle "playchess.com"]
[Source "ChessBase"]
[SourceQuality "1"]
[TimeControl "40/5400+30:1800+30"]

1. e4 c5 2. Nf3 d6 3. d4 cxd4 4. Qxd4 Nc6 5. Bb5 Bd7 6. Bxc6 Bxc6 7. Nc3 Nf6 8. Bg5 e6 9. O-O-O Be7 10. Kb1 O-O 11. Rhe1 Qa5 12. Qd2 Qc7 13. Nd4 Rfd8 14. f3 Rab8 15. g4 b5 16. Nce2 b4 17. Ng3 a5 18. Nh5 Kf8 19. Bxf6 Bxf6 20. Nxf6 gxf6 21. Qh6+ Ke7 22. g5 fxg5 23. Qxg5+ Kd7 24. Qg7 Rf8 25. Qxh7 Kc8 26. Qh5 Kb7 27. Qg5 Rh8 28. Qd2 d5 29. e5 Rh5 30. f4 Rbh8 31. Re2 Bd7 32. Rc1 Qb6 33. c3 Rh3 34. Ka1 Bb5 35. Rg2 Bd3 36. Rg3 Rxg3 37. hxg3 Be4 38. Qe3 Rc8 39. c4 Bg6 40. b3 Be4 41. Rd1 Qc5 42. Qe2 Rg8 43. g4 a4 44. Nb5 axb3 45. axb3 Qc6 46. Nd6+ Kc7 47. Kb2 Rh8 48. Nxf7 Ra8 49. Rc1 Ra2+ 0-1

[Event "Polish Youth 1st League 2022"]
[Site "Lublin"]
[Date "2022.06.27"]
[Round "3.1"]
[White "Kania, Dominik"]
[Black "Madej, Marek"]
[Result "0-1"]
[ECO "C29"]
[WhiteElo "1872"]
[BlackElo "1978"]
[Annotator "RC"]
[PlyCount "102"]
[EventDate "2022.06.24"]
[EventType "team-tourn"]
[EventCountry "POL"]
[SourceTitle "playchess.com"]
[Source "ChessBase"]
[SourceQuality "1"]
[TimeControl "40/5400+30:1800+30"]

1. e4 e5 2. Nc3 Nf6 3. f4 d5 4. fxe5 Nxe4 5. Qf3 Nc6 6. Bb5 Nxc3 7. dxc3 Be7 8. Bf4 Be6 9. O-O-O Qd7 10. Qg3 a6 11. Bd3 g5 12. Be3 O-O-O 13. Nf3 g4 14. Ng5 d4 15. cxd4 Nxd4 16. Nxf7 Bxf7 17. Bxd4 Qe6 18. Bc3 Qxa2 19. Kd2 Bg5+ 20. Ke2 Be6 21. Qf2 Qd5 22. Bf5 Qc4+ 23. Rd3 Kb8 24. Bxe6 Qe4+ 25. Kf1 Rxd3 26. cxd3 Qxd3+ 27. Qe2 Rf8+ 28. Ke1 Bh4+ 29. g3 Qb1+ 30. Qd1 Qe4+ 31. Qe2 Qxh1+ 32. Kd2 Bg5+ 33. Kc2 Qf3 34. Qc4 Qf2+ 35. Kb3 Qb6+ 36. Ka2 h5 37. Bf7 Qb5 38. Qxb5 axb5 39. e6 Be7 40. Bxh5 Rf2 41. Bxg4 Rxh2 42. Bf5 Rg2 43. g4 Ka7 44. Bd4+ c5 45. Be3 Ka6 46. g5 c4 47. Kb1 b4 48. g6 b3 49. Bd4 Rd2 50. Kc1 Rxd4 51. g7 Bg5+ 0-1

[Event "Polish Youth 1st League 2022"]
[Site "Lublin"]
[Date "2022.06.27"]
[Round "3.2"]
[White "Nowak, Filip"]
[Black "Lysakowski, Kamil"]
[Result "1-0"]
[ECO "B92"]
[WhiteElo "1819"]
[BlackElo "1859"]
[Annotator "NA RC"]
[PlyCount "57"]
[EventDate "2022.06.24"]
[EventType "team-tourn"]
[EventCountry "POL"]
[SourceTitle "playchess.com"]
[Source "ChessBase"]
[SourceQuality "1"]
[TimeControl "40/5400+30:1800+30"]

1. e4 c5 2. Nf3 d6 3. d4 cxd4 4. Nxd4 Nf6 5. Nc3 a6 6. Be2 e5 7. Nb3 Be7 8. O-O O-O 9. Re1 Be6 10. Bf3 Nbd7 11. a4 Rc8 12. a5 Qc7 13. Be3 h6 14. Nd2 Nh7 15. Nf1 Bg5 16. g3 Nhf6 17. h4 Bxe3 18. Nxe3 g6 19. Qd2 Rcd8 20. Red1 Nb8 $1 21. Ned5 Bxd5 22. Nxd5 Nxd5 23. Qxd5 Qxc2 24. Qxb7 Rd7 (24... Nc6 $16 {was worth a try.}) 25. Qb6 Qc6 26. Rac1 Qxb6 27. axb6 Rb7 $18 28. Rxd6 Re8 29. Rc7 1-0

[Event "Polish Youth 1st League 2022"]
[Site "Lublin"]
[Date "2022.06.27"]
[Round "3.3"]
[White "Musial, Igor"]
[Black "Grot, Blazej"]
[Result "1/2-1/2"]
[ECO "B47"]
[WhiteElo "1699"]
[BlackElo "1819"]
[Annotator "NA RC"]
[PlyCount "67"]
[EventDate "2022.06.24"]
[EventType "team-tourn"]
[EventCountry "POL"]
[SourceTitle "playchess.com"]
[Source "ChessBase"]
[SourceQuality "1"]
[TimeControl "40/5400+30:1800+30"]

1. e4 c5 2. Nf3 e6 3. d4 cxd4 4. Nxd4 Nc6 5. Nc3 Qc7 6. Qd3 a6 7. Nxc6 dxc6 8. Qg3 Qxg3 9. hxg3 e5 10. Be3 b5 11. f3 Be6 12. a4 $14 b4 {[%emt 0:04:09] [#]} 13. Nb1 $1 a5 14. Nd2 Bd6 15. Nc4 Bc7 16. O-O-O Rd8 17. Be2 Nf6 18. Rxd8+ Kxd8 19. Rd1+ Kc8 20. g4 h6 21. Nd6+ Bxd6 22. Rxd6 Kc7 23. Rd1 Nd7 24. g3 f6 25. b3 Rb8 26. f4 Rf8 27. Kb2 Rb8 28. Kc1 Rf8 29. Kb2 Rb8 30. Kb1 Rf8 31. Kc1 Rg8 32. Kb1 Rb8 33. Ka1 Rf8 34. Kb2 1/2-1/2

[Event "Polish Youth 1st League 2022"]
[Site "Lublin"]
[Date "2022.06.27"]
[Round "3.4"]
[White "Rozanski, Mateusz"]
[Black "Rozek, Michal"]
[Result "0-1"]
[ECO "C65"]
[WhiteElo "1720"]
[BlackElo "1533"]
[Annotator "NA RC"]
[PlyCount "110"]
[EventDate "2022.06.24"]
[EventType "team-tourn"]
[EventCountry "POL"]
[SourceTitle "playchess.com"]
[Source "ChessBase"]
[SourceQuality "1"]
[TimeControl "40/5400+30:1800+30"]

1. e4 e5 2. Nf3 Nc6 3. Bb5 Nf6 4. d3 Bc5 5. O-O d6 6. c3 O-O 7. d4 Bb6 8. Bxc6 bxc6 9. Qd3 Qe7 10. Re1 h6 11. h3 Re8 12. Nbd2 a5 13. b3 a4 14. Ba3 Qe6 15. Qc2 Nh5 16. dxe5 Nf4 17. Nh4 Qxe5 18. Ndf3 Qf6 19. Bc1 axb3 20. Qxb3 Bxf2+ 21. Kxf2 Nd3+ 22. Ke2 Nxe1 23. Kxe1 Rxe4+ 24. Kd1 g5 25. Qc2 d5 26. Bb2 gxh4 27. c4 Qf5 28. Qd2 Qf4 29. cxd5 Qxd2+ 30. Nxd2 Rea4 31. dxc6 Rxa2 32. Rxa2 Rxa2 33. Be5 Be6 34. Ne4 Bb3+ 35. Ke1 Rc2 36. Nc3 Rxg2 37. Bxc7 Rg6 38. Bd8 Rxc6 39. Ne2 Be6 40. Bxh4 Bxh3 41. Kf2 Be6 42. Nf4 Rc3 43. Bf6 Rb3 44. Kg2 Bg4 45. Kh2 h5 46. Kg2 Kf8 47. Kh2 Ke8 48. Kg2 Kd7 49. Kh2 Kd6 50. Kg2 Rf3 51. Bg5 Ke5 52. Ne2 Rf5 53. Bf4+ Rxf4 54. Nxf4 Kxf4 55. Kh2 Ke3 0-1

[Event "Polish Youth 1st League 2022"]
[Site "Lublin"]
[Date "2022.06.27"]
[Round "3.5"]
[White "Mroz, Lena"]
[Black "Krzyzosiak, Marta"]
[Result "1/2-1/2"]
[ECO "C17"]
[WhiteElo "1719"]
[BlackElo "1666"]
[Annotator "NA RC"]
[PlyCount "65"]
[EventDate "2022.06.24"]
[EventType "team-tourn"]
[EventCountry "POL"]
[SourceTitle "playchess.com"]
[Source "ChessBase"]
[SourceQuality "1"]
[TimeControl "40/5400+30:1800+30"]

1. e4 e6 2. d4 d5 3. Nc3 Bb4 4. e5 c5 5. Bd2 Nc6 6. Nb5 Bxd2+ 7. Qxd2 Nxd4 8. Nxd4 cxd4 9. O-O-O Ne7 10. Kb1 Qc7 11. Qg5 Nf5 12. g4 h6 13. Qd2 Ne7 14. f4 Bd7 15. Qxd4 Rc8 16. Qd2 a5 17. Nf3 b5 18. Nd4 Rb8 19. Bd3 b4 20. Rhe1 Qc5 21. Qe3 Nc6 22. Nb3 Qxe3 23. Rxe3 Ke7 24. Rf1 h5 25. g5 g6 26. h4 Rb6 27. Rd1 Ra8 28. Bf1 Be8 29. Nc5 Ra7 30. Na4 Rb8 31. Nc5 Rb6 32. Na4 Rb8 33. Nc5 1/2-1/2

[Event "Polish Youth 1st League 2022"]
[Site "Lublin"]
[Date "2022.06.27"]
[Round "3.6"]
[White "Wieczorek, Maja"]
[Black "Lajdamik, Kinga"]
[Result "1/2-1/2"]
[ECO "B16"]
[WhiteElo "1316"]
[BlackElo "1308"]
[Annotator "NA RC"]
[PlyCount "81"]
[EventDate "2022.06.24"]
[EventType "team-tourn"]
[EventCountry "POL"]
[SourceTitle "playchess.com"]
[Source "ChessBase"]
[SourceQuality "1"]
[TimeControl "40/5400+30:1800+30"]

1. e4 c6 2. d4 d5 3. Nc3 dxe4 4. Nxe4 Nf6 5. Nxf6+ gxf6 6. Nf3 Bg4 7. Be2 Qc7 8. Be3 e6 9. Qd2 Nd7 10. O-O-O O-O-O 11. Qc3 Kb8 12. Qb3 Nb6 13. c4 e5 14. dxe5 Rxd1+ 15. Rxd1 Bxf3 16. Bxf3 fxe5 17. Bg4 c5 18. Qd3 h5 19. Bh3 Be7 20. b3 h4 21. Qf5 Bd8 22. Bg5 Be7 23. Bf6 Bxf6 24. Qxf6 Rf8 25. Qxh4 f6 26. Qh6 Qe7 27. Qd2 Kc7 28. Qe3 f5 29. Qd3 Qf6 30. Qe3 Nd7 31. Qd3 Rf7 32. Qd2 e4 33. Kb1 Ne5 34. Qa5+ b6 35. Qxa7+ Kc6 36. Qa8+ Kc7 37. Qa7+ Kc6 38. Qa8+ Kc7 39. Qa7+ Kc6 40. Qa8+ Kc7 41. Qa7+ 1/2-1/2

[Event "Polish Youth 1st League 2022"]
[Site "Lublin"]
[Date "2022.06.27"]
[Round "3.7"]
[White "Jedraszek, Pawel"]
[Black "Suder, Jakub"]
[Result "0-1"]
[ECO "D30"]
[WhiteElo "1933"]
[BlackElo "2306"]
[Annotator "TA"]
[PlyCount "138"]
[EventDate "2022.06.24"]
[EventType "team-tourn"]
[EventCountry "POL"]
[SourceTitle "playchess.com"]
[Source "ChessBase"]
[SourceQuality "1"]
[TimeControl "40/5400+30:1800+30"]

1. d4 d5 2. c4 e6 3. Nf3 a6 4. g3 dxc4 5. Bg2 b5 6. Ne5 {[%emt 0:02:11] D30: Queen's Gambit Declined: Systems without Nc3.} c6 7. O-O Bb7 8. b3 {[%emt 0:07:32] The position is equal.} cxb3 9. axb3 Nf6 {[%emt 0:02:06] [#]} 10. Ba3 $146 ({Predecessor:} 10. e3 Nbd7 11. Nxc6 Qb6 12. Na5 Bxg2 13. Kxg2 Bb4 14. Bd2 Bxd2 15. Nxd2 O-O 16. b4 {1-0 (33) Janik,I (2469)-Bartel,M (2593) Chorzow 2019}) 10... Bxa3 11. Nxa3 O-O 12. Qd2 Qd6 13. Rfc1 Rd8 14. Qa5 {[%emt 0:08:57][%mdl 1024] White has compensation.} Rc8 15. e3 (15. Qb6 $5 Qc7 16. Qxc7 Rxc7 17. Nd3 $14) 15... Nbd7 16. Nd3 Rab8 17. b4 e5 18. Nc2 Nd5 (18... e4 $142 19. Nc5 Nxc5 20. bxc5 Qe6) 19. Nc5 Nxc5 20. bxc5 Qf6 ({Better is} 20... Qe6 $11) 21. Bxd5 (21. e4 $5 Ne7 22. Rd1 $11) 21... cxd5 22. dxe5 Qe7 23. Nd4 Rxc5 24. Qb6 Rbc8 25. Rxc5 Rxc5 26. Nf5 Qc7 27. Qd6 h5 ({Black should try} 27... h6 $15 28. h4 b4) 28. e6 $11 Qxd6 29. Nxd6 {[%emt 0:00:46][%mdl 4096] [#] Endgame Hoping for e7. KRB-KRN} Rc7 30. exf7+ Kf8 31. Nxb7 Rxb7 32. Rxa6 {[%emt 0:00:02] KR-KR} b4 33. Ra2 Kxf7 34. Kf1 $1 Ke6 35. Ke2 $1 Kd6 {[%emt 0:04:43] [#] And now ...b3 would win.} 36. Kd3 Kc5 37. Rc2+ Kb5 {[%emt 0:02:50] Strongly threatening ...b3.} 38. Rc8 Ra7 39. Rb8+ Ka4 40. Kc2 Ka3 41. Rb5 Rc7+ 42. Kb1 $1 Rf7 43. f4 (43. Ra5+ $1 $11 {keeps the balance.} Kb3 44. Ra2) 43... Re7 $17 44. Kc2 (44. Ra5+ $142 Kb3 45. Rxd5) 44... Rc7+ 45. Kd3 $2 {[%emt 0:10:14] This costs White the game.} (45. Kb1 $17 {was forced.}) 45... b3 $19 {[%emt 0:00:33] ...b2 is the strong threat.} 46. Rb8 $2 (46. Kd4 Rc4+ 47. Kxd5) 46... Rc4 {[%emt 0:02:58] White must now prevent ...Rb4.} 47. h3 b2 (47... Rb4 $142 48. Ra8+ Ra4) 48. Ra8+ Kb3 49. Rb8+ Ka2 (49... Rb4 $142 50. Rxb4+ Kxb4) 50. Ra8+ Kb1 51. Kd2 Rc2+ 52. Kd1 Rg2 53. g4 hxg4 54. hxg4 Rxg4 {[%emt 0:00:08][%cal Od5d4] aiming for ...d4!} 55. Kd2 d4 56. exd4 Rxf4 57. Rb8 Rf2+ 58. Ke1 Rh2 {[%emt 0:00:10] Black mates.} 59. Kd1 Ka2 60. Ra8+ Kb3 61. Rb8+ Kc4 62. d5 Kxd5 63. Rd8+ Ke6 64. Re8+ Kf7 65. Rb8 g5 66. Rb7+ Kg6 67. Rb6+ Kh5 68. Rb5 b1=Q+ 69. Rxb1 Rh1+ {[%emt 0:00:05] Weighted Error Value: White=0.92/Black=0.26 (precise)} 0-1

[Event "Polish Youth 1st League 2022"]
[Site "Lublin"]
[Date "2022.06.27"]
[Round "3.8"]
[White "Dziewonski, Dariusz"]
[Black "Klaska, Szymon"]
[Result "1-0"]
[ECO "B76"]
[WhiteElo "1976"]
[BlackElo "1563"]
[Annotator "RC"]
[PlyCount "77"]
[EventDate "2022.06.24"]
[EventType "team-tourn"]
[EventCountry "POL"]
[SourceTitle "playchess.com"]
[Source "ChessBase"]
[SourceQuality "1"]
[TimeControl "40/5400+30:1800+30"]

1. e4 c5 2. Nf3 d6 3. d4 cxd4 4. Nxd4 Nf6 5. Nc3 g6 6. Be3 Bg7 7. f3 O-O 8. Qd2 Nc6 9. O-O-O Nxd4 10. Bxd4 Be6 11. Kb1 Qc7 12. h4 Rfc8 13. h5 Qa5 14. hxg6 hxg6 15. a3 Rab8 16. Bd3 b5 17. Qg5 Qc7 18. e5 dxe5 19. Bxe5 Qc5 20. f4 Ng4 21. Bxb8 Qxg5 22. fxg5 Rxb8 23. Ne4 b4 24. axb4 Rxb4 25. c3 Rb8 26. Kc1 Be5 27. g3 Bd5 28. Rhe1 Bc7 29. Re2 e6 30. Rf1 Kg7 31. Nf6 Ne5 32. Nxd5 exd5 33. Kc2 Bd6 34. Rf6 Nxd3 35. Rxd6 Nxb2 36. Rxd5 Rb7 37. Re4 a6 38. Ra5 Rb6 39. Ra2 1-0

[Event "Polish Youth 1st League 2022"]
[Site "Lublin"]
[Date "2022.06.27"]
[Round "3.9"]
[White "Ugorek, Kacper"]
[Black "Maj, Samuel"]
[Result "0-1"]
[ECO "B90"]
[WhiteElo "1696"]
[BlackElo "1906"]
[Annotator "RC"]
[PlyCount "114"]
[EventDate "2022.06.24"]
[EventType "team-tourn"]
[EventCountry "POL"]
[SourceTitle "playchess.com"]
[Source "ChessBase"]
[SourceQuality "1"]
[TimeControl "40/5400+30:1800+30"]

1. e4 c5 2. Nf3 d6 3. d4 cxd4 4. Nxd4 Nf6 5. Nc3 a6 6. Nb3 e6 7. g4 b5 8. a3 Bb7 9. Bg2 Be7 10. Be3 Nc6 11. f4 Nd7 12. O-O Nb6 13. Bf2 Nc4 14. Rb1 g5 15. f5 Bf6 16. Nd4 Qe7 17. Nxc6 Bxc6 18. Bd4 Bxd4+ 19. Qxd4 Qa7 20. Rfd1 Qxd4+ 21. Rxd4 Ke7 22. Kf2 h5 23. h3 hxg4 24. hxg4 Rh4 25. Bf3 Rah8 26. a4 Rh2+ 27. Bg2 R8h4 28. axb5 axb5 29. Rxc4 bxc4 30. Kg3 d5 31. exd5 Bxd5 32. Nxd5+ exd5 33. Rd1 Rxg2+ 34. Kxg2 Rxg4+ 35. Kh3 Rh4+ 36. Kg3 Kd6 37. Ra1 Ke5 38. Ra5 Rd4 39. c3 Rd2 40. Kg4 Rg2+ 41. Kh5 Rxb2 42. Kxg5 Rf2 43. f6 Rxf6 44. Ra1 Rf3 45. Re1+ Kd6 46. Rc1 Kc5 47. Kg4 Rd3 48. Kf5 Kb5 49. Kf6 Ka4 50. Kxf7 Kb3 51. Ke6 Kb2 52. Rh1 Kxc3 53. Kd6 Kb2 54. Rh2+ Kb3 55. Rh8 c3 56. Rb8+ Kc2 57. Kc5 Kd2 0-1

[Event "Polish Youth 1st League 2022"]
[Site "Lublin"]
[Date "2022.06.27"]
[Round "3.10"]
[White "Jamrozik, Maciej"]
[Black "Dobosiewicz, Dawid"]
[Result "0-1"]
[ECO "B47"]
[WhiteElo "1251"]
[BlackElo "1795"]
[Annotator "NA RC"]
[PlyCount "104"]
[EventDate "2022.06.24"]
[EventType "team-tourn"]
[EventCountry "POL"]
[SourceTitle "playchess.com"]
[Source "ChessBase"]
[SourceQuality "1"]
[TimeControl "40/5400+30:1800+30"]

1. e4 c5 2. Nf3 e6 3. d4 cxd4 4. Nxd4 Nc6 5. Nc3 Qc7 6. Ndb5 Qb8 7. Be3 a6 8. Bb6 axb5 9. Nxb5 Bb4+ 10. c3 Ba5 11. Nc7+ Qxc7 12. Bxc7 Bxc7 13. Qg4 Be5 14. f4 Nf6 15. Qf3 Bc7 16. Bb5 d5 17. e5 Ne4 18. Bd3 Nc5 19. Bc2 Bb6 20. Qg4 g6 21. h4 h5 22. Qf3 Na4 23. O-O-O Bc5 24. g4 d4 25. Bxa4 Rxa4 26. a3 hxg4 27. Qd3 dxc3 28. Qxc3 Bb6 29. b4 Bd7 30. Rd3 Ne7 31. Qe1 Nd5 32. Qg3 Bb5 33. Rxd5 exd5 34. Qxg4 Bd7 35. Qf3 Be6 36. Qd3 Ke7 37. Qb5 Rc8+ 38. Kd2 Ra6 39. a4 Bd7 40. Qxd5 Bc6 41. Qd6+ Ke8 42. Qf6 Bxh1 43. Qh8+ Kd7 44. Qg7 Bd5 45. Kd1 Rxa4 46. Qf6 Ra1+ 47. Kd2 Ra2+ 48. Kd3 Ra3+ 49. Kd2 Be3+ 50. Ke2 Rc2+ 51. Kd1 Rd2+ 52. Kc1 Ra1# 0-1